 Dungeon Crawl Stone Soup version 0.29.1-2-gbd0b4ee654 (webtiles) character file.

Game seed: 8971294038294655064

136 qeuew the Trooper (level 4, -9/37 HPs)
             Began as a Palentonga Fighter on Nov 8, 2022.
             Mangled by an orc warrior
             ... wielding a +0 battleaxe
              (20 damage)
             ... on level 4 of the Dungeon.
             The game lasted 00:03:42 (2391 turns).

qeuew the Trooper (Palentonga Fighter)              Turns: 2391, Time: 00:03:43

Health: -9/37      AC:  7    Str: 22    XL:     4   Next: 98%
Magic:  4/5        EV:  7    Int: 10    God:
Gold:   120        SH:  4    Dex:  9    Spells: 4/5 levels left

rFire   . . .      SeeInvis +   a - +0 war axe
rCold   . . .      Faith    .   c - +0 buckler
rNeg    . . .      Spirit   .   b - +0 scale mail
rPois   .          Reflect  .   (no helmet)
rElec   .          Harm     .   (no cloak)
rCorr   .          Rampage  .   f - +0 pair of gloves
Will    .....                   (no barding)
Stlth   ..........              (no amulet)
HPRegen 0.12/turn               (no ring)
MPRegen 0.09/turn               (no ring)

@: mighty, very slightly contaminated
A: large, rugged brown scales 3, see invisible, deformed body, roll 1, armoured
tail
a: Rolling Charge


You were on level 4 of the Dungeon.
You visited 1 branch of the dungeon, and saw 4 of its levels.

You collected 120 gold pieces.

Inventory:

Hand Weapons
 a - a +0 war axe (weapon)
Armour
 b - a +0 scale mail (worn)
 c - a +0 buckler (worn)
 f - a +0 pair of gloves (worn)
Potions
 d - a potion of might
 e - a potion of curing
 k - a potion of brilliance


   Skills:
 + Level 3.5 Fighting
 + Level 2.7 Axes
 + Level 2.8 Armour
 + Level 1.1 Dodging
 + Level 3.1 Shields
 + Level 1.2 Spellcasting
 + Level 1.1 Earth Magic


You had 4 spell levels left.
You knew the following spells:

 Your Spells              Type           Power      Damage    Failure   Level
a - Sandblast             Erth           4%         2d4       56%         1

Your spell library contained the following spells:

 Spells                   Type           Power      Damage    Failure   Level
 Passwall                 Tmut/Erth      0%         N/A       78%         2
 Stone Arrow              Conj/Erth      2%         3d7       95%         3


Dungeon Overview and Level Annotations

Branches:
Dungeon (4/15)             Temple (0/1) D:4

Altars:
Okawaru


Innate Abilities, Weirdness & Mutations

You are completely covered in rugged brown scales. (AC +3, +7% HP)
You have supernaturally acute eyesight. (SInv)
Armour fits poorly on your strangely shaped body.
You can roll at nearby foes to attack.
You have a long armoured tail.


Message History

A worm comes into view.
You aren't carrying any scrolls.
Okay, then.
The orc hits you with a +0 club. The hound bites you but does no damage.
The hound bites you but does no damage.
You barely miss the hound.
Your tail-slap misses the hound.
The hound is severely wounded.
The hound bites you but does no damage. The hound bites you.
You closely miss the hound.
The hound is severely wounded.
The hound bites you but does no damage. The hound completely misses you.
You barely miss the hound.
The hound is severely wounded.
The hound barely misses you. x2
You miss the hound. You tail-slap the hound.
The hound is almost dead.
The hound bites you. The hound bites you but does no damage.
You slash the hound!
You kill the hound!
Aiming: Sandblast (safe; 56% risk of failure)
Press: ? - help, Q - select action, (/) - cycle Shift-Dir - straight line, f - orc warrior
Aim: an orc warrior, wielding a +0 battleaxe and wearing a +0 plate armour (81% to hit)
You miscast Sandblast.
You are very lightly contaminated with residual magic.
Nothing appears to happen.
The orc warrior hits you with a +0 battleaxe!
* * * LOW HITPOINT WARNING * * *
The orc warrior attacks as you move away!
You block the orc warrior's attack.
The orc warrior attacks as you move away!
The orc warrior barely misses you.
You aren't carrying any scrolls.
You feel very mighty all of a sudden. You block the orc warrior's attack.
You hit the orc warrior.
The orc warrior is lightly wounded.
The orc warrior hits you with a +0 battleaxe!!
Ouch! That really hurt!
You die...

###### #....#
##########################.##.#
........w†.ooo@......#......#.#
###.###.############.#.###..#.#
#.o.# #.#.#<#..#.#
w...........># #.#.#.#..#.#
#.#.#.#.#.#..# #.#.#.#..#.#
.....o......# #.#...#..#.#
#"#.......#..# #.########.#
#............# #......†...#
#.#...>...# .# ############


You could see an orc warrior, a worm, an orc wizard and an orc.

Vanquished Creatures
  A hound (D:4)
  3 gnolls (D:2)
  2 adders
  An ufetubus (D:4)
  4 dart slugs
  7 ball pythons
  4 endoplasms
  4 giant cockroaches
  3 goblins
  3 hobgoblins
  5 kobolds
  3 quokkas
  2 bats
  3 frilled lizards
  3 rats
48 creatures vanquished.

Notes
Turn   | Place    | Note
-------+----------+-------------------------------------------
     0 | D:1      | qeuew the Palentonga Fighter began the quest for the Orb.
     0 | D:1      | Reached XP level 1. HP: 19/19 MP: 1/1
   165 | D:1      | Reached XP level 2. HP: 24/25 MP: 2/2
   167 | D:1      | Learned a level 1 spell: Sandblast
   415 | D:1      | Found a faded altar of an unknown god.
   925 | D:2      | Reached XP level 3. HP: 29/31 MP: 3/3
  1029 | D:2      | You fall into a shaft and drop 1 floor!
  1197 | D:2      | Reached skill level 1 in Dodging
  1197 | D:2      | Reached XP level 4. HP: 30/37 MP: 5/5
  1201 | D:2      | Reached skill level 1 in Spellcasting
  1690 | D:3      | Reached skill level 1 in Earth Magic
  1911 | D:3      | Found an iron altar of Okawaru.
  2371 | D:4      | Found a staircase to the Ecumenical Temple.
  2374 | D:4      | Noticed an orc warrior
  2391 | D:4      | Mangled by an orc warrior

Illustrated notes

Levels and vault maps discovered:
D:1:      lightli_arrival_farm, layout_basic,
          shapermc_ecumenical_altar_acropolis, nicolae_kite_square_tiling_tiny
D:2:      layout_rooms, kennysheep_generic_room_14
D:3:      layout_basic, okawaru_metal_pillars_3
D:4:      layout_basic, minmay_temple_entry_glass, uniq_duvessa, uniq_ijyb

Skill      XL: |  1  2  3  4 |
---------------+-------------+-----
Shields        | 3 |  3.1
Dodging        | 1 |  1.1
Spellcasting   | 1 |  1.2
Earth Magic    | 1 |  1.1
Fighting       | |  3.5
Axes           | |  2.7
Armour         | |  2.8

Action                   |  1- 3 |  4- 6 || total
-------------------------+-------+-------++-------
Melee: War axe           |    71 |    44 ||   115
       Tailslap          |     6 |     4 ||    10
  Use: Potion            |     3 |     2 ||     5
       Scroll            |       |     4 ||     4
Armor: Scale mail        |    36 |    24 ||    60
Dodge: Dodged            |    39 |    21 ||    60
Block: Buckler           |     9 |    12 ||    21
